 Dungeon Crawl Stone Soup version 0.29.0-4-gdea44cf6ec (webtiles) character file.

Game seed: 15148942370416605693

5434 qw the Cleaver (level 10, -8/64 HPs)
             Began as a Gargoyle Fighter on Sept 10, 2022.
             Was a Priest of Okawaru.
             Mangled by a two-headed ogre
             ... wielding a +0 giant club
              (35 damage)
             ... on level 10 of the Dungeon.
             The game lasted 00:03:34 (9755 turns).

qw the Cleaver (Gargoyle Fighter)                   Turns: 9755, Time: 00:03:35

Health: -8/64      AC: 25    Str: 25    XL:     10   Next: 68%
Magic:  13/13      EV:  9    Int:  6    God:    Okawaru [***...]
Gold:   53         SH: 11    Dex:  9    Spells: 9/9 levels left

rFire   . . .      SeeInvis +   Y - +2 war axe (chaos)
rCold   . . .      Faith    .   c - +0 buckler
rNeg    + . .      Spirit   .   m - +0 plate armour
rPois   inf        Reflect  +   k - +2 helmet
rElec   +          Harm     .   (no cloak)
rCorr   .          Rampage  .   (no gloves)
Will    .....                   (no boots)
Stlth   ..........              n - amulet of reflection
HPRegen 0.20/turn               u - ring of see invisible
MPRegen 0.13/turn               (no ring)

@: heroic, unable to drink
A: sickness immunity, AC +7, negative energy resistance 1, electricity
resistance, torment resistance 1, petrification resistance, dopey 1, inability
to drink after injury 1
a: Renounce Religion, Heroism


You were on level 10 of the Dungeon.
You worshipped Okawaru.
Okawaru was most pleased with you.
You visited 2 branches of the dungeon, and saw 11 of its levels.

You collected 415 gold pieces.
You spent 362 gold pieces at shops.


Innate Abilities, Weirdness & Mutations

You are immune to sickness and miasma.
Your stone body is resilient. (AC +7)
You are immune to poison.
You resist negative energy. (rN+)
You are resistant to electric shocks. (rElec)
You are resistant to unholy torment.
You are immune to petrification.
You are dopey. (Int -2)
You occasionally lose the ability to drink potions when taking damage.


   Skills:
 - Level 8.0(13.0) Fighting
 + Level 10.2(15.2) Axes
 - Level 2.4(7.4) Throwing
 - Level 6.5(11.5) Armour
 - Level 2.2(7.2) Dodging
 - Level 5.6(10.6) Shields
 - Level 4.2 Invocations


You had 9 spell levels left.
You didn't know any spells.
Your spell library was empty.

Inventory:

Hand Weapons
 v - a +2 demon whip of draining
 Y - a +2 war axe of chaos (weapon)
Missiles
 b - 3 boomerangs
 s - 2 silver boomerangs (quivered)
Armour
 c - a +0 buckler (worn)
 k - a +2 helmet (worn)
 m - a +0 plate armour (worn)
Jewellery
 n - an amulet of reflection (around neck)
 u - a ring of see invisible (left hand)
Scrolls
 a - 6 scrolls of teleportation
 i - 8 scrolls of identify
 p - 4 scrolls of fog
Potions
 d - 2 potions of might
 e - a potion of heal wounds
 f - a potion of haste
 h - 3 potions of curing
 j - 5 potions of lignification
 l - 2 potions of attraction
 q - a potion of cancellation
 r - a potion of magic

Dungeon Overview and Level Annotations

Branches:
Dungeon (10/15)            Temple (1/1) D:5             Orc (0/2) D:9
   Lair: D:8-11

Altars:
Ashenzari
Cheibriados
Dithmenos
Elyvilon
Fedhas
Gozag
Hepliaklqana
Kikubaaqudgha
Makhleb
Nemelex Xobeh
Okawaru
Qazlal
Ru
Sif Muna
Trog
Uskayaw
Vehumet
Wu Jian
Xom
Yredelemnul
Zin
The Shining One

Shops:
D:5 (??:   D:9 [:=!(   D:10 :!?!*

Annotations:
D:7 2 transporters, qw's ghost, novice MiBe


Message History

You barely miss the yak.
The yak is heavily wounded.
You barely miss the two-headed ogre. You slash the yak! You freeze the yak.
The yak is severely wounded.
You barely miss the two-headed ogre. The two-headed ogre closely misses you.
You block the two-headed ogre's attack. The yak gores you.
You closely miss the yak.
The yak is severely wounded.
You hit the two-headed ogre but do no damage.
The yak gores you but does no damage.
You slice the yak!!
You kill the yak!
Okawaru accepts your kill.
You hit the two-headed ogre.
The two-headed ogre seems to grow stronger.
You block the two-headed ogre's attack.
The two-headed ogre hits you with a +0 giant spiked club!
You barely miss the two-headed ogre. You slash the two-headed ogre!
Lightning courses through the two-headed ogre!
The two-headed ogre is heavily wounded.
You block the two-headed ogre's attack. x2
You slice the two-headed ogre!!
You feel better.
The two-headed ogre is almost dead.
You barely miss the two-headed ogre.
The two-headed ogre is almost dead.
The two-headed ogre hits you with a +0 giant club!!!
Ouch! That really hurt!
The two-headed ogre barely misses you.
You hear a roar!
You barely miss the two-headed ogre.
The two-headed ogre is almost dead.
You barely miss the two-headed ogre.
The two-headed ogre is almost dead.
The two-headed ogre hits you with a +0 giant club!!
You feel threatened and lose the ability to drink potions!
Ouch! That really hurt!
You die...

#####.#. #.#. ##
###.#. #.# #...?. ##
#.#######.#...
#.###............ #
#.#.#######.#..(
#.#.####.## #.....
#...%@...##########.#.
##..O###............).
#.#. #..#########... #
.. #.## #... #!. ...
#.## ... ... #.# ....
.... #.# #..# .....
#.# #.#


You could see a two-headed ogre (strong).

Vanquished Creatures
  A shining eye (shapeshifter) (D:10)
  Psyche (D:9)
  A troll (D:10)
  A shadow (D:9)
  3 yaks (D:10)
  2 steam dragons
  A wraith (D:10)
  Eustachio (D:4)
  4 orc warriors
  2 water moccasins
  2 black bears
  A sky beast (D:7)
  2 centaurs
  3 ice beasts
  3 kobold brigands
  A bullfrog (D:7)
  2 necrophages
  2 scorpions
  13 wights
  4 killer bees (D:9)
  5 hounds
  A jelly (D:4)
  5 orc priests
  A gnoll bouda (D:5)
  An iguana (D:3)
  6 orc wizards
  Robin (D:3)
  3 gnolls (D:5)
  10 adders
  A white imp (D:7)
  An ufetubus (D:7)
  A worm (D:2)
  3 dart slugs
  35 orcs
  8 ball pythons
  7 endoplasms
  2 giant cockroaches (D:1)
  6 hobgoblins
  2 jackals (D:2)
  25 kobolds
  4 quokkas
  4 bats
  A frilled lizard (D:1)
  17 goblins
  8 rats
208 creatures vanquished.

Vanquished Creatures (others)
  3 plants (D:3)
3 creatures vanquished.

Grand Total: 211 creatures vanquished

Notes
Turn   | Place    | Note
-------+----------+-------------------------------------------
     0 | D:1      | qw the Gargoyle Fighter began the quest for the Orb.
     0 | D:1      | Reached XP level 1. HP: 14/14 MP: 1/1
     0 | D:1      | 0 ||| qw: Version: 0.1-a-116-g5d60599
     0 | D:1      | 0 ||| qw: Game counter: 7434
     0 | D:1      | 0 ||| qw: Always use a shield: true
     0 | D:1      | 0 ||| qw: God list: Okawaru
     0 | D:1      | 0 ||| qw: Allow faded altars: false
     0 | D:1      | 0 ||| qw: Do Orc after D:15 true
     0 | D:1      | 0 ||| qw: Do second Lair branch before Depths: true
     0 | D:1      | 0 ||| qw: Lair rune preference: random
     0 | D:1      | 0 ||| qw: Plans: Normal, Zot, God:TSO, Crypt, Tomb, Zig,
                  | Orb
     0 | D:1      | 0 ||| PLANNING D:1-11
   165 | D:1      | Reached skill level 2 in Axes
   229 | D:1      | 229 ||| Stepping ~*~*~tactically~*~*~ (stealth).
   231 | D:1      | 231 ||| Stepping ~*~*~tactically~*~*~ (stealth).
   232 | D:1      | 232 ||| Stepping ~*~*~tactically~*~*~ (stealth).
   237 | D:1      | Reached XP level 2. HP: 18/19 MP: 2/2
   444 | D:1      | 444 ||| Stepping ~*~*~tactically~*~*~ (stealth).
   515 | D:1      | 515 ||| Stepping ~*~*~tactically~*~*~ (stealth).
   516 | D:1      | 516 ||| Stepping ~*~*~tactically~*~*~ (stealth).
   526 | D:1      | Reached skill level 3 in Axes
   558 | D:1      | 558 ||| Stepping ~*~*~tactically~*~*~ (hiding).
   569 | D:1      | Reached XP level 3. HP: 23/23 MP: 3/3
   913 | D:1      | 913 ||| DROPPING orb of guile.
   914 | D:1      | 914 ||| DROPPING ring of magical power.
   915 | D:1      | 915 ||| READING 2 scrolls labelled RANELO OPOICU.
   918 | D:1      | 918 ||| READING scroll labelled ATEARE DACORO.
   919 | D:1      | 919 ||| DRINKING 2 red potions.
   920 | D:1      | 920 ||| DROPPING potion of brilliance.
   978 | D:2      | 978 ||| STAIRDANCE
  1564 | D:2      | 1564 ||| Stepping ~*~*~tactically~*~*~ (hiding).
  1908 | D:2      | You fall into a shaft and drop 2 floors!
  1908 | D:4      | Found a glowing silver altar of Zin.
  1908 | D:4      | Found a shadowy altar of Dithmenos.
  1909 | D:4      | Found a radiant altar of Vehumet.
  1919 | D:4      | Reached XP level 4. HP: 27/28 MP: 4/4
  1979 | D:4      | Reached skill level 4 in Axes
  2008 | D:4      | 2008 ||| Stepping ~*~*~tactically~*~*~ (stealth).
  2018 | D:4      | 2018 ||| Stepping ~*~*~tactically~*~*~ (stealth).
  2120 | D:4      | 2120 ||| Stepping ~*~*~tactically~*~*~ (hiding).
  2265 | D:4      | 2265 ||| READING scroll labelled SISI AMIODDI.
  2266 | D:4      | 2266 ||| DRINKING 2 bubbling coppery potions.
  2295 | D:3      | Noticed Robin
  2296 | D:3      | 2296 ||| Stepping ~*~*~tactically~*~*~ (hiding).
  2301 | D:3      | 2301 ||| Stepping ~*~*~tactically~*~*~ (hiding).
  2310 | D:3      | Killed Robin
  2311 | D:3      | Reached XP level 5. HP: 26/32 MP: 5/5
  2640 | D:3      | 2640 ||| UPGRADING to +0 helmet.
  2645 | D:3      | 2645 ||| READING scroll labelled UPHIAL MUAN.
  2646 | D:3      | 2646 ||| READING scroll labelled NONEUZ HAGEY.
  2647 | D:3      | 2647 ||| READING 3 scrolls of identify.
  2647 | D:3      | 2647 ||| IDENTIFYING bubbling clear potion
  2648 | D:3      | 2648 ||| READING 2 scrolls of identify.
  2648 | D:3      | 2648 ||| IDENTIFYING viscous purple potion
  2686 | D:2      | Reached skill level 5 in Axes
  3149 | D:2      | 3149 ||| READING scroll labelled LUOCWI UZUURU.
  3398 | D:3      | Found a faded altar of an unknown god.
  3424 | D:3      | 3424 ||| Stepping ~*~*~tactically~*~*~ (stealth).
  3428 | D:3      | 3428 ||| Stepping ~*~*~tactically~*~*~ (stealth).
  3710 | D:3      | 3710 ||| READING scroll labelled CUODUX EM CIOBLIUH.
  3711 | D:3      | 3711 ||| DRINKING 3 cyan potions.
  3712 | D:3      | 3712 ||| DRINKING 2 sedimented green potions.
  3713 | D:3      | 3713 ||| DROPPING potion of flight.
  3831 | D:4      | Reached XP level 6. HP: 39/39 MP: 6/6
  4125 | D:4      | Noticed Eustachio
  4142 | D:4      | HP: 7/39 [Eustachio/+3 falchion (7)]
  4143 | D:4      | 4143 ||| READING 2 scrolls of teleportation.
  4144 | D:4      | 4144 ||| DRINKING potion of heal wounds.
  4233 | D:4      | Killed Eustachio
  4478 | D:4      | 4478 ||| READING scroll labelled XUZETHROFAQ.
  4523 | D:5      | Entered Level 5 of the Dungeon
  4523 | D:5      | Found Xunucs's Magic Scroll Emporium.
  4528 | D:5      | 4528 ||| STAIRDANCE
  4552 | D:5      | 4552 ||| STAIRDANCE
  4652 | D:5      | 4652 ||| BUYING scroll of brand weapon (114 gold).
  4652 | D:5      | Bought a scroll of brand weapon for 114 gold pieces
  4652 | D:5      | 4652 ||| BUYING scroll of enchant armour (90 gold).
  4652 | D:5      | Bought a scroll of enchant armour for 90 gold pieces
  4652 | D:5      | 4652 ||| SHOPLISTING scroll of enchant weapon (90 gold,
                  | have 1).
  4652 | D:5      | 4652 ||| SHOPLISTING scroll of fog (48 gold, have 1).
  4652 | D:5      | 4652 ||| SHOPLISTING scroll of teleportation (36 gold, have
                  | 1).
  4670 | D:5      | Reached XP level 7. HP: 43/44 MP: 7/7
  4675 | D:5      | 4675 ||| READING scroll of brand weapon.
  4675 | D:5      | 4675 ||| BRANDING +1 war axe.
  4676 | D:5      | 4676 ||| READING scroll of enchant armour.
  4676 | D:5      | 4676 ||| ENCHANTING +0 helmet.
  4686 | D:5      | 4686 ||| Stepping ~*~*~tactically~*~*~ (stealth).
  4688 | D:5      | 4688 ||| Stepping ~*~*~tactically~*~*~ (stealth).
  4731 | D:5      | 4731 ||| Stepping ~*~*~tactically~*~*~ (stealth).
  4778 | D:5      | 4778 ||| FLEEEEING.
  4779 | D:5      | 4779 ||| FLEEEEING.
  4818 | D:5      | 4818 ||| Stepping ~*~*~tactically~*~*~ (stealth).
  4827 | D:5      | Reached skill level 6 in Axes
  4877 | D:5      | Found a staircase to the Ecumenical Temple.
  4878 | D:5      | 4878 ||| PLANNING TEMPLE
  4878 | D:5      | 4878 ||| UPGRADING to +0 plate armour.
  4888 | D:5      | 4888 ||| DROPPING +0 scale mail.
  4889 | D:5      | 4889 ||| UPGRADING to amulet of reflection.
  4894 | D:5      | 4894 ||| DRINKING 2 fizzy red potions.
  4894 | D:5      | Gained mutation: Your mind is acute. (Int +4, Str/Dex -1)
                  | [potion of mutation]
  4894 | D:5      | Gained mutation: Armour fits poorly on your strangely
                  | shaped body. [potion of mutation]
  4894 | D:5      | Gained mutation: You are agile. (Dex +4, Str/Int -1)
                  | [potion of mutation]
  4895 | D:5      | 4895 ||| DRINKING potion of mutation.
  4895 | D:5      | Lost mutation: Armour fits poorly on your strangely shaped
                  | body. [potion of mutation]
  4895 | D:5      | Lost mutation: You are agile. (Dex +4, Str/Int -1) [potion
                  | of mutation]
  4895 | D:5      | Gained mutation: You occasionally lose the ability to read
                  | scrolls when taking damage. [potion of mutation]
  4895 | D:5      | Gained mutation: You sometimes lose the ability to read
                  | scrolls when taking damage. [potion of mutation]
  4896 | D:5      | 4896 ||| READING 2 scrolls of identify.
  4896 | D:5      | 4896 ||| IDENTIFYING yellow potion
  4905 | Temple   | Entered the Ecumenical Temple
  5192 | Temple   | 5192 ||| PLANNING D:1-11
  5459 | Temple   | Became a worshipper of Warmaster Okawaru
  5526 | D:5      | 5526 ||| Stepping ~*~*~tactically~*~*~ (stealth).
  5528 | D:5      | 5528 ||| Stepping ~*~*~tactically~*~*~ (hiding).
  5536 | D:5      | 5536 ||| Stepping ~*~*~tactically~*~*~ (stealth).
  5617 | D:5      | 5617 ||| DROPPING +0 whip.
  5655 | D:5      | Found Zeomo's Magic Scroll Boutique.
  5658 | D:5      | 5658 ||| BUYING scroll of identify (26 gold).
  5658 | D:5      | Bought a scroll of identify for 26 gold pieces
  5658 | D:5      | 5658 ||| SHOPLISTING scroll of identify (26 gold, have 1).
  5658 | D:5      | 5658 ||| SHOPLISTING scroll of teleportation (39 gold, have
                  | 1).
  5719 | D:5      | Found Ufots's Book Emporium.
  5769 | D:5      | Found Ramasm's Weapon Boutique.
  5985 | D:6      | Reached XP level 8. HP: 47/48 MP: 8/8
  6014 | D:6      | Reached skill level 7 in Axes
  6550 | D:6      | 6550 ||| READING scroll labelled NOMULUAMOS.
  6612 | D:6      | 6612 ||| READING scroll labelled RANAT LIFOURO.
  6651 | D:7      | 6651 ||| Stepping ~*~*~tactically~*~*~ (hiding).
  6653 | D:7      | 6653 ||| Stepping ~*~*~tactically~*~*~ (hiding).
  6666 | D:7      | Reached * piety under Okawaru
  6683 | D:7      | Noticed qw's ghost (novice MiBe)
  6698 | D:7      | 6698 ||| Stepping ~*~*~tactically~*~*~ (hiding).
  6705 | D:7      | 6705 ||| INVOKING Heroism.
  6720 | D:7      | 6720 ||| INVOKING Heroism.
  6724 | D:7      | Reached skill level 1 in Invocations
  6738 | D:7      | 6738 ||| FLEEEEING.
  6823 | D:7      | Found a transporter.
  6843 | D:7      | Found a transporter.
  6861 | D:7      | Reached skill level 8 in Axes
  6875 | D:7      | 6875 ||| Stepping ~*~*~tactically~*~*~ (stealth).
  6877 | D:7      | 6877 ||| INVOKING Heroism.
  6890 | D:7      | Reached skill level 3 in Invocations
  6893 | D:7      | Reached skill level 6 in Fighting
  6986 | D:7      | 6986 ||| INVOKING Heroism.
  6991 | D:7      | Reached XP level 9. HP: 55/55 MP: 8/11
  6993 | D:7      | 6993 ||| DRINKING 4 potions of curing.
  6993 | D:7      | 6993 ||| (to cure confusion)
  7016 | D:7      | 7016 ||| READING scroll of enchant weapon.
  7016 | D:7      | 7016 ||| ENCHANTING +1 war axe of chaos.
  7097 | D:7      | 7097 ||| INVOKING Heroism.
  7114 | D:7      | 7114 ||| Stepping ~*~*~tactically~*~*~ (cloud).
  7246 | D:7      | 7246 ||| READING scroll labelled NUAGHO YWEI.
  7273 | D:8      | 7273 ||| STAIRDANCE
  7275 | D:7      | 7275 ||| INVOKING Heroism.
  7346 | D:8      | 7346 ||| STAIRDANCE
  7348 | D:7      | 7348 ||| INVOKING Heroism.
  7474 | D:7      | 7474 ||| DROPPING +0 flail.
  7478 | D:8      | 7478 ||| STAIRDANCE
  7488 | D:8      | 7488 ||| STAIRDANCE
  7528 | D:8      | 7528 ||| Stepping ~*~*~tactically~*~*~ (hiding).
  7534 | D:8      | Reached skill level 1 in Throwing
  7602 | D:8      | 7602 ||| Stepping ~*~*~tactically~*~*~ (hiding).
  7604 | D:8      | 7604 ||| Stepping ~*~*~tactically~*~*~ (hiding).
  7605 | D:8      | 7605 ||| INVOKING Heroism.
  7612 | D:8      | 7612 ||| Stepping ~*~*~tactically~*~*~ (stealth).
  7623 | D:8      | 7623 ||| INVOKING Heroism.
  7684 | D:8      | Found a flagged portal.
  7712 | D:8      | Reached ** piety under Okawaru
  7713 | D:8      | Reached skill level 9 in Axes
  7753 | D:8      | 7753 ||| INVOKING Heroism.
  7755 | D:8      | 7755 ||| Stepping ~*~*~tactically~*~*~ (stealth).
  7760 | D:8      | 7760 ||| Stepping ~*~*~tactically~*~*~ (stealth).
  8043 | D:8      | 8043 ||| DRINKING 2 glowing black potions.
  8044 | D:8      | 8044 ||| DROPPING potion of degeneration.
  8073 | D:9      | 8073 ||| INVOKING Heroism.
  8080 | D:9      | 8080 ||| STAIRDANCE
  8092 | D:9      | 8092 ||| STAIRDANCE
  8128 | D:9      | 8128 ||| STAIRDANCE
  8211 | D:9      | Found Laekk's Distillery.
  8215 | D:9      | 8215 ||| Stepping ~*~*~tactically~*~*~ (hiding).
  8221 | D:9      | 8221 ||| INVOKING Heroism.
  8335 | D:9      | 8335 ||| Stepping ~*~*~tactically~*~*~ (stealth).
  8336 | D:9      | 8336 ||| Stepping ~*~*~tactically~*~*~ (stealth).
  8338 | D:9      | 8338 ||| INVOKING Heroism.
  8466 | D:9      | 8466 ||| BUYING potion of attraction (36 gold).
  8466 | D:9      | Bought a potion of attraction for 36 gold pieces
  8466 | D:9      | 8466 ||| BUYING potion of cancellation (96 gold).
  8466 | D:9      | Bought a potion of cancellation for 96 gold pieces
  8466 | D:9      | 8466 ||| SHOPLISTING potion of haste (120 gold, have 5).
  8466 | D:9      | 8466 ||| SHOPLISTING potion of lignification (36 gold, have
                  | 5).
  8466 | D:9      | 8466 ||| SHOPLISTING potion of magic (96 gold, have 5).
  8466 | D:9      | 8466 ||| SHOPLISTING potion of mutation (96 gold, have 5).
  8486 | D:9      | Found Dasiwk's Book Boutique.
  8490 | D:9      | Found Meetiwix's Jewellery Emporium.
  8499 | D:9      | 8499 ||| SHOPLISTING +4 ring of evasion (540 gold, have
                  | 11).
  8499 | D:9      | 8499 ||| SHOPLISTING +6 ring of dexterity (540 gold, have
                  | 11).
  8499 | D:9      | 8499 ||| SHOPLISTING ring of ice (375 gold, have 11).
  8499 | D:9      | 8499 ||| SHOPLISTING ring of positive energy (300 gold,
                  | have 11).
  8499 | D:9      | Found Dettirozi's Antique Weapon Shop.
  8500 | D:9      | 8500 ||| INVOKING Heroism.
  8505 | D:9      | Reached skill level 6 in Armour
  8508 | D:9      | Reached XP level 10. HP: 63/63 MP: 11/13
  8597 | D:9      | 8597 ||| READING scroll of enchant armour.
  8597 | D:9      | 8597 ||| ENCHANTING +1 helmet.
  8607 | D:9      | 8607 ||| Stepping ~*~*~tactically~*~*~ (stealth).
  8609 | D:9      | 8609 ||| Stepping ~*~*~tactically~*~*~ (hiding).
  8611 | D:9      | 8611 ||| INVOKING Heroism.
  8715 | D:9      | 8715 ||| Stepping ~*~*~tactically~*~*~ (stealth).
  8716 | D:9      | 8716 ||| Stepping ~*~*~tactically~*~*~ (stealth).
  8717 | D:9      | 8717 ||| Stepping ~*~*~tactically~*~*~ (stealth).
  8718 | D:9      | 8718 ||| Stepping ~*~*~tactically~*~*~ (stealth).
  8719 | D:9      | 8719 ||| INVOKING Heroism.
  8760 | D:9      | Found Keteogg's Armour Shoppe.
  8768 | D:9      | 8768 ||| SHOPLISTING +0 pair of boots of flying (184 gold,
                  | have 38).
  8768 | D:9      | 8768 ||| SHOPLISTING +1 plate armour of cold resistance
                  | (560 gold, have 38).
  8768 | D:9      | 8768 ||| SHOPLISTING +2 pair of boots of stealth (344 gold,
                  | have 38).
  8768 | D:9      | 8768 ||| SHOPLISTING +2 pair of gloves of stealth (344
                  | gold, have 38).
  8819 | D:9      | Noticed Psyche
  8820 | D:9      | 8820 ||| Stepping ~*~*~tactically~*~*~ (hiding).
  8821 | D:9      | 8821 ||| INVOKING Heroism.
  8827 | D:9      | Killed Psyche
  8883 | D:9      | Found a staircase to the Orcish Mines.
  8963 | D:9      | 8963 ||| DROPPING orb of energy.
  8964 | D:9      | 8964 ||| DRINKING 2 lumpy cyan potions.
  8985 | D:10     | Entered Level 10 of the Dungeon
  8985 | D:10     | Found Omnuph's Distillery.
  8986 | D:10     | Found Zimamuth's Book Shop.
  8987 | D:10     | 8987 ||| SHOPLISTING potion of attraction (39 gold, have
                  | 38).
  8987 | D:10     | 8987 ||| SHOPLISTING potion of curing (39 gold, have 38).
  8987 | D:10     | 8987 ||| SHOPLISTING potion of heal wounds (65 gold, have
                  | 38).
  8987 | D:10     | 8987 ||| SHOPLISTING potion of magic (104 gold, have 38).
  8987 | D:10     | 8987 ||| SHOPLISTING potion of might (52 gold, have 38).
  9068 | D:10     | 9068 ||| INVOKING Heroism.
  9080 | D:10     | Reached skill level 10 in Axes
  9218 | D:10     | Found Affagovu's Distillery.
  9224 | D:10     | 9224 ||| SHOPLISTING 2 potions of heal wounds (160 gold,
                  | have 38).
  9224 | D:10     | 9224 ||| SHOPLISTING potion of attraction (48 gold, have
                  | 38).
  9224 | D:10     | 9224 ||| SHOPLISTING potion of lignification (48 gold, have
                  | 38).
  9224 | D:10     | 9224 ||| SHOPLISTING potion of magic (128 gold, have 38).
  9224 | D:10     | 9224 ||| SHOPLISTING potion of mutation (128 gold, have
                  | 38).
  9248 | D:10     | Reached *** piety under Okawaru
  9305 | D:10     | 9305 ||| DROPPING +0 morningstar.
  9309 | D:10     | Found Qataffur's Assorted Antiques.
  9317 | D:10     | 9317 ||| SHOPLISTING 2 scrolls of identify (96 gold, have
                  | 38).
  9317 | D:10     | 9317 ||| SHOPLISTING glowing buckler (180 gold, have 38).
  9336 | D:10     | 9336 ||| Stepping ~*~*~tactically~*~*~ (hiding).
  9347 | D:10     | 9347 ||| Stepping ~*~*~tactically~*~*~ (hiding).
  9396 | D:10     | 9396 ||| Stepping ~*~*~tactically~*~*~ (stealth).
  9398 | D:10     | 9398 ||| INVOKING Heroism.
  9399 | D:10     | 9399 ||| STAIRDANCE
  9480 | D:9      | 9480 ||| DROPPING scarf of shadows.
  9481 | D:9      | 9481 ||| UPGRADING to ring of see invisible.
  9482 | D:9      | 9482 ||| READING scroll labelled HETITWY DIMNUMEK.
  9485 | D:10     | 9485 ||| STAIRDANCE
  9551 | D:10     | 9551 ||| STAIRDANCE
  9553 | D:10     | 9553 ||| STAIRDANCE
  9555 | D:10     | 9555 ||| STAIRDANCE
  9557 | D:9      | 9557 ||| DRINKING 5 potions of curing.
  9557 | D:9      | 9557 ||| (to cure confusion)
  9559 | D:9      | 9559 ||| DRINKING 4 potions of curing.
  9559 | D:9      | 9559 ||| (to cure confusion)
  9565 | D:10     | 9565 ||| STAIRDANCE
  9569 | D:10     | 9569 ||| STAIRDANCE
  9573 | D:10     | 9573 ||| STAIRDANCE
  9576 | D:9      | 9576 ||| DRINKING 3 potions of curing.
  9576 | D:9      | 9576 ||| (to cure confusion)
  9586 | D:10     | 9586 ||| DRINKING potion of mutation.
  9586 | D:10     | Lost mutation: You sometimes lose the ability to read
                  | scrolls when taking damage. [potion of mutation]
  9586 | D:10     | Lost mutation: Your mind is acute. (Int +4, Str/Dex -1)
                  | [potion of mutation]
  9586 | D:10     | Lost mutation: You occasionally lose the ability to read
                  | scrolls when taking damage. [potion of mutation]
  9586 | D:10     | Gained mutation: You are dopey. (Int -2) [potion of
                  | mutation]
  9586 | D:10     | Gained mutation: You occasionally lose the ability to drink
                  | potions when taking damage. [potion of mutation]
  9611 | D:10     | Found Degafuog's Magic Scroll Boutique.
  9731 | D:10     | 9731 ||| Stepping ~*~*~tactically~*~*~ (stealth).
  9735 | D:10     | 9735 ||| INVOKING Heroism.
  9736 | D:10     | Noticed a glowing shapeshifter
  9736 | D:10     | a yak changed into a glowing shapeshifter
  9736 | D:10     | a glowing shapeshifter changed into a redback
  9737 | D:10     | Noticed a two-headed ogre
  9739 | D:10     | Noticed a shining eye
  9739 | D:10     | a redback changed into a shining eye
  9743 | D:10     | Killed a shining eye
  9755 | D:10     | Mangled by a two-headed ogre

Levels and vault maps discovered:
D:1:      dpeg_arrival_rooms_c, layout_basic
D:2:      layout_loops_ring, serial_forest, infiniplex_forest_lined_corner,
          infiniplex_forest_straight_2, infiniplex_forest_clump_curved,
          infiniplex_forest_straight_2, infiniplex_forest_straight_5,
          infiniplex_forest_pool
D:3:      layout_rooms, dreamdust_ecumenical_altar_hidden_monk_grotto,
          serial_bayou_lake_a, uniq_robin
D:4:      layout_basic, grunt_temple_overflow_open, uniq_eustachio
D:5:      layout_rooms, minmay_temple_entry_arrows, serial_shops, shop,
          kennysheep_little_box, shop, nicolae_shop_bloodbath_and_beyond
D:6:      layout_gridville
D:7:      layout_gridville, gammafunk_ghost_stat_death
D:8:      layout_rooms, enter_bailey_6, minivault_27
D:9:      layout_cave_pools, hiddenorc1_lemuel, serial_shops, shop, shop,
          nicolae_shop_waterfront, shop, shop, uniq_psyche
D:10:     lemuel_reptile_caves, layout_loops_ring, serial_shops, shop,
          nicolae_take_the_stairs, shop, shop, shop
Temple:   compressed_dpeg_triangle_lava_temple

Skill      XL: |  1  2  3  4  5  6  7  8  9 10 |
---------------+-------------------------------+-----
Axes           | 2 3 4 5 6 8 9 10 | 10.2
Fighting       | 4 6 7 8 |  8.0
Dodging        | 2 |  2.2
Armour         | 4 6 |  6.5
Invocations    | 3 4 |  4.2
Throwing       | 1 2 |  2.4
Shields        | 4 5 |  5.6

Action                   |  1- 3 |  4- 6 |  7- 9 | 10-12 || total
-------------------------+-------+-------+-------+-------++-------
Melee: War axe           |   108 |   181 |   242 |   104 ||   635
Throw: Boomerang         |       |       |    20 |     6 ||    26
Invok: Heroism           |       |       |    14 |     6 ||    20
  Use: Scroll            |     2 |     9 |     7 |     2 ||    20
       Potion            |     1 |     4 |     4 |     5 ||    14
 Stab: Paralysed         |       |       |     1 |       ||     1
Armor: Scale mail        |    58 |   103 |     8 |       ||   169
       Plate armour      |       |       |   147 |    50 ||   197
Dodge: Dodged            |    36 |    80 |    72 |    31 ||   219
Block: Buckler           |    19 |    38 |   104 |    52 ||   213
       Reflection        |       |       |     7 |     3 ||    10

Table legend:
 A = Non-vault XP
 B = Vault XP
 C = Vault XP percentage of total XP
 D = Non-vault monster count
 E = Vault monster count
 F = Vault count percentage of total count
                 A         B        C        D         E       F
            +---------+---------+-------+---------+---------+-------
      Total |    6977 |     786 |  10.1 |     180 |      28 |  13.5
            +---------+---------+-------+---------+---------+-------
        D:1 |      41 |       0 |   0.0 |      24 |       0 |   0.0
        D:2 |      56 |       0 |   0.0 |      18 |       0 |   0.0
        D:3 |      80 |      30 |  27.3 |      12 |       9 |  42.9
        D:4 |     175 |     181 |  50.8 |      16 |       1 |   5.9
        D:5 |     609 |       0 |   0.0 |      19 |       0 |   0.0
        D:6 |     435 |       0 |   0.0 |       6 |       0 |   0.0
        D:7 |    1372 |       0 |   0.0 |      28 |       0 |   0.0
        D:8 |     658 |       0 |   0.0 |      18 |       0 |   0.0
        D:9 |    1535 |     575 |  27.3 |      27 |      18 |  40.0
       D:10 |    2016 |       0 |   0.0 |      12 |       0 |   0.0
            +---------+---------+-------+---------+---------+-------
